 Dungeon Crawl Stone Soup version 0.30-a0-557-ge2afbf3 (webtiles) character file.

Game seed: 384696950988686605

637668 Meow the Pyromancer (level 27, -9/260 HPs)
             Began as a Naga Conjurer on Dec 26, 2022.
             Was the Champion of Okawaru.
             Mangled by a juggernaut (62 damage)
             ... on level 15 of a ziggurat on Dec 27, 2022.
             The game lasted 05:23:12 (92141 turns).

Meow the Pyromancer (Naga Conjurer)                Turns: 92141, Time: 05:23:12

Health: -9/260     AC: 34    Str: 12 (13) XL:     27
Magic:  20/50      EV: 14    Int: 33      God:    Okawaru [******]
Gold:   7151       SH: 27    Dex: 10 (11) Spells: 6/72 levels left

rFire   + + +      SeeInvis +    a - +8 lance "Wyrmbane" {slay drac, rPois rF+ rC+ AC+3}
rCold   + + .      Faith    +    l - +10 tower shield of Ignorance {rN+ Int-4}
rNeg    + . .      Spirit   .    t - +5 robe of Night {Dark Will+ SInv}
rPois   +          Reflect  .    f - +2 hat
rElec   +          Harm     .    C - +2 cloak
rCorr   .          Rampage  .    V - +0 pair of gloves of Henotheism {Will+ Int+4 Slay+2}
Will    +++++                    j - +6 lightning scales {swift, rElec}
Stlth   +++                      M - amulet "Ewkaic Ysieg" {Faith rPois Regen+ Str+3}
HPRegen 1.43/turn                Q - ring of the Hare {EV+8}
MPRegen 0.32/turn                y - ring of Unuuschecue {rF++ rC+ Dex+6}

@: very slightly contaminated, studying 4 skills, slow
A: AC +9, large, see invisible, deformed body, poison resistance, slowness 2,
spit poison 1, naga tail 2, claws 1, clumsy 2, deterioration 1, mutation
resistance 1, subdued magic 1
}: 4/15 runes: decaying, serpentine, slimy, silver
a: Spit Poison, Renounce Religion, Heroism, Finesse, Duel


You were on level 15 of a ziggurat.
You worshipped Okawaru.
Okawaru was exalted by your worship.
You visited 11 branches of the dungeon, and saw 51 of its levels.
You visited 1 ziggurat, and saw 15 of its levels.
You also visited: Sewer, Gauntlet, Ice Cave and Desolation.

You collected 9140 gold pieces.
You spent 1989 gold pieces at shops.

Inventory:

Hand Weapons
 a - the +8 lance "Wyrmbane" (weapon) {slay drac, rPois rF+ rC+ AC+3}
   (You found it on level 5 of the Pits of Slime)

   It inflicts extra damage against dragons and draconians.
   AC:        It affects your AC (+3).
   rF:        It protects you from fire.
   rC:        It protects you from cold.
   rPois:     It protects you from poison.
 S - the +8 mithril axe "Arga" {speed, Will+}
   (You took it off a deep elf demonologist on level 3 of the Elven Halls)

   Attacks with this weapon are significantly faster.
   Will:      It increases your willpower.
Armour
 f - a +2 hat (worn)
 j - the +6 lightning scales (worn) {swift, rElec}
   (You found it on level 14 of a ziggurat)

   It allows the wearer to cover ground more swiftly.
   rElec:     It insulates you from electricity.
 l - the +10 tower shield of Ignorance (worn) {rN+ Int-4}
   (You found it on level 10 of a ziggurat)

   Int:       It affects your intelligence (-4).
   rN:        It protects you from negative energy.
 q - the +7 Kryia's mail coat {PotionHeal*2 rC+}
   (Okawaru gifted it to you on level 6 of a ziggurat)

   Potions are twice as effective at healing its wearer.
   rC:        It protects you from cold.
 t - the +5 robe of Night (worn) {Dark Will+ SInv}
   (You found it in a Gauntlet)

   It shrouds the wearer in darkness, reducing the range at which they can see
   and be seen by others.
   SInv:      It lets you see invisible.
   Will:      It increases your willpower.
 C - a +2 cloak (worn)
 V - the +0 pair of gloves of Henotheism (worn) {Will+ Int+4 Slay+2}
   (You found it on level 11 of a ziggurat)

   Int:       It affects your intelligence (+4).
   Slay:      It affects your accuracy & damage with ranged weapons and melee
   (+2).
   Will:      It increases your willpower.
Jewellery
 h - the ring of Ynaneno {rF+ rCorr Dex-3 SInv Stlth+}
   (You found it on level 10 of a ziggurat)

   [ring of see invisible]

   Dex:       It affects your dexterity (-3).
   rF:        It protects you from fire.
   SInv:      It lets you see invisible.
   rCorr:     It protects you from acid and corrosion.
   Stlth:     It makes you more stealthy.
 u - a ring of flight
 y - the ring of Unuuschecue (right hand) {rF++ rC+ Dex+6}
   (You found it in an ice cave)

   [ring of protection from cold]

   Dex:       It affects your dexterity (+6).
   rF:        It greatly protects you from fire.
   rC:        It protects you from cold.
 M - the amulet "Ewkaic Ysieg" (around neck) {Faith rPois Regen+ Str+3}
   (You took it off an ironbound convoker in the Desolation of Salt)

   [amulet of faith]

   It allows you to gain divine favour quickly.
   Str:       It affects your strength (+3).
   rPois:     It protects you from poison.
   Regen:     It increases your rate of health regeneration.
 Q - the ring of the Hare (left hand) {EV+8}
   (You found it on level 12 of a ziggurat)

   [ring of evasion]

   EV:        It affects your evasion (+8).
Wands
 K - a wand of iceblast (16)
 W - a wand of digging (28)
 Y - a wand of acid (33)
Scrolls
 c - 15 scrolls of poison
 d - 2 scrolls of summoning
 e - 6 scrolls of fear
 g - 4 scrolls of silence
 i - 5 scrolls of blinking
 m - 5 scrolls of amnesia
 o - 11 scrolls of magic mapping
 s - 20 scrolls of teleportation
 v - 9 scrolls of enchant weapon
 z - 5 scrolls of enchant armour
 B - 8 scrolls of torment
 D - 10 scrolls of fog
 N - 3 scrolls of acquirement
 X - 2 scrolls of brand weapon
Potions
 b - 7 potions of cancellation
 k - 12 potions of brilliance
 n - 4 potions of haste
 p - a potion of magic
 r - 16 potions of flight
 w - 5 potions of resistance
 x - 16 potions of ambrosia
 A - 6 potions of might
 E - 21 potions of curing
 G - 4 potions of heal wounds
 I - 7 potions of attraction
 J - 6 potions of berserk rage
 L - 5 potions of invisibility
Miscellaneous
 F - a phial of floods (inert)
 U - a condenser vane


   Skills:
 - Level 18.0 Fighting
 - Level 1.5 Dodging
 - Level 6.0 Stealth
 - Level 15.0 Shields
 - Level 23.3 Spellcasting
 - Level 23.6 Conjurations
 * Level 12.2 Necromancy
 * Level 11.5 Transmutations
 - Level 26.0 Fire Magic


You had 6 spell levels left.
You knew the following spells:

 Your Spells              Type           Power      Damage    Failure   Level
a - Magic Dart            Conj           100%       1d8       0%          1
b - Searing Ray           Conj           100%       2d8       0%          2
c - Necromutation         Tmut/Necr      37%        N/A       65%         8
d - Lee's Rapid Deconstr  Erth           14%        3d9*      43%         5
f - Freezing Cloud        Conj/Ice/Air   31%        6-21      1%          5
g - Iron Shot             Conj/Erth      37%        9d7       1%          6
t - Sticky Flame          Conj/Fire      100%       2d11      0%          4
B - Iskenderun's Mystic   Conj/Tloc      74%        2d15      1%          4
E - Blink                 Tloc           58%        N/A       2%          2
F - Fire Storm            Conj/Fire      50%        8d13      6%          9
G - Orb of Destruction    Conj           49%        9d13      1%          7
T - Irradiate             Conj/Tmut      43%        3d26      1%          5
V - Ignition              Fire           52%        3d14      1%          8

Your spell library contained the following spells:

 Spells                   Type           Power      Damage    Failure   Level
 Foxfire                  Conj/Fire      100%       2x1d9     0%          1
 Kiss of Death            Conj/Necr      100%       2d13      0%          1
 Necrotise                Necr           100%       1d9       0%          1
 Momentum Strike          Conj/Tloc      100%       3d10      0%          2
 Scorch                   Fire           100%       2d10      0%          2
 Sublimation of Blood     Necr           75%        N/A       0%          2
 Ignite Poison            Fire/Tmut/Pois 75%        N/A       0%          3
 Flame Wave               Conj/Fire      100%       2d21      0%          4
 Fireball                 Conj/Fire      50%        3d20      0%          5
 Iskenderun's Battlesphe  Conj           99%        2d15      0%          5
 Starburst                Conj/Fire      50%        6d14      0%          6
 Apportation              Tloc           58%        N/A       1%          1
 Freeze                   Ice            100%       1d10      1%          1
 Sandblast                Erth           58%        2d13      1%          1
 Sting                    Tmut/Pois      100%       1d8       1%          1
 Cigotuvi's Dreadful Rot  Necr/Pois/Air  100%       N/A       1%          2
 Dazzling Flash           Conj/Hex       100%       N/A       1%          3
 Hailstorm                Conj/Ice       74%        3d15      1%          3
 Kindle Blastsparks       Fire/Tloc/Air  100%       2d18      1%          3
 Mephitic Cloud           Conj/Pois/Air  62%        N/A       1%          3
 Stone Arrow              Conj/Erth      100%       3d13      1%          3
 Vampiric Draining        Necr           75%        2d11      1%          3
 Anguish                  Hex/Necr       28%        N/A       1%          4
 Dispel Undead            Necr           75%        3d25      1%          4
 Fulminant Prism          Conj/Hex       37%        3d17      1%          4
 Ice Form                 Ice/Tmut       56%        N/A       1%          4
 Petrify                  Tmut/Erth      56%        N/A       1%          4
 Agony                    Necr           75%        N/A       1%          5
 Arcjolt                  Conj/Air       37%        1d47      1%          5
 Blade Hands              Tmut           36%        N/A       1%          5
 Lightning Bolt           Conj/Air       37%        1d55      1%          5
 Conjure Ball Lightning   Conj/Air       37%        3x3d13    1%          6
 Poisonous Vapours        Pois/Air       58%        N/A       2%          2
 Alistair's Intoxication  Tmut/Pois      37%        N/A       3%          5
 Borgnjor's Vile Clutch   Necr/Erth      28%        N/A       3%          5
 Yara's Violent Unravell  Hex/Tmut       28%        3d12      3%          5
 Confusing Touch          Hex            29%        N/A       4%          3
 Gell's Gravitas          Tloc           29%        N/A       4%          3
 Lesser Beckoning         Tloc           58%        N/A       4%          3
 Ozocubu's Armour         Ice            29%        N/A       4%          3
 Teleport Other           Tloc           29%        N/A       4%          3
 Vhi's Electric Charge    Tloc/Air       58%        N/A       4%          3
 Leda's Liquefaction      Hex/Erth       14%        N/A       16%         4
 Manifold Assault         Tloc           29%        N/A       16%         4
 Passage of Golubria      Tloc           29%        N/A       16%         4
 Statue Form              Tmut/Erth      37%        N/A       24%         6
 Metabolic Englaciation   Hex/Ice        14%        N/A       43%         5
 Silence                  Hex/Air        14%        N/A       43%         5
 Dispersal                Tloc           14%        N/A       95%         6
 Borgnjor's Revivificati  Necr           37%        N/A       61%         8
 Lehudib's Crystal Spear  Conj/Erth      37%        10d9      67%         8
 Storm Form               Tmut/Air       28%        N/A       80%         7
 Enfeeble                 Hex            14%        N/A       100%        7
 Maxwell's Capacitive Co  Air            14%        ∞         100%        8
 Death's Door             Necr           37%        N/A       100%        9
 Shatter                  Erth           14%        3d14*     100%        9
 Summon Small Mammal      Summ           Unusable   N/A       N/A         1
 Tukima's Dance           Hex            Unusable   N/A       N/A         3
 Animate Armour           Summ/Erth      Unusable   N/A       N/A         4
 Simulacrum               Ice/Necr       Unusable   N/A       N/A         6
 Summon Cactus Giant      Summ           Unusable   N/A       N/A         6

Dungeon Overview and Level Annotations

Branches:
Dungeon (15/15)            Temple (1/1) D:7            Lair (5/5) D:11
  Swamp (4/4) Lair:2        Snake (4/4) Lair:3        Slime (5/5) Lair:5
    Orc (2/2) D:10            Elf (3/3) Orc:2        Vaults (5/5) D:14
  Crypt (3/3) Vaults:3       Tomb (0/3) Crypt:3      Depths (4/4) D:15
    Zot (0/5) Depths:4      Sewer (visited)           IceCv (visited)
Desolation (visited)      Gauntlet (visited)

Altars:
Ashenzari
Cheibriados
Dithmenos
Elyvilon
Fedhas
Gozag
Hepliaklqana
Kikubaaqudgha
Makhleb
Nemelex Xobeh
Okawaru
Qazlal
Ru
Sif Muna
Trog
Uskayaw
Vehumet
Wu Jian
Xom
Yredelemnul
Zin
The Shining One
Jiyva

Shops:
D:1 *:[=[   D:8 [   D:12 (   D:15 *   Orc:2 :([(   Elf:1 *   Elf:3 [[
Vaults:1 [   Vaults:2 :   Vaults:5 =!?*?   Depths:4 *

Portals:
Hell: Depths:1 Depths:2 Depths:3 Depths:4
Abyss: Depths:2 Depths:3
Pandemonium: Depths:1 Depths:2 Depths:4
Trove: Depths:3 (give 2 scrolls of acquirement)

Annotations:
D:3 4 runed translucent doors, Crazy Yiuf; OSAMASBALLS's ghost, amateur TrFi
D:7 Maggie
D:10 exclusion: obsidian statue
Lair:4 2 runed translucent doors, Qilin's ghost, journeyman MiFi


Innate Abilities, Weirdness & Mutations

Your serpentine skin is tough. (AC +9)
You have supernaturally acute eyesight. (SInv)
Armour fits poorly on your strangely shaped body.
Your system is resistant to poisons. (rPois)
You cover ground very slowly.
You can spit poison.
You can use your snake-like lower body to constrict enemies.
You have sharp fingernails.
You are very clumsy. (Dex -4)
Your body sometimes deteriorates upon taking damage.
You are somewhat resistant to further mutation.
Your spells are a little easier to cast, but a little less powerful.


Message History

The orc priest is blasted with magical radiation!!!
You kill the orc priest!
Okawaru accepts your kill.
The orc warrior is blasted with magical radiation!!!
You kill the orc warrior!
Okawaru accepts your kill.
The ogre is blasted with magical radiation!!!
You kill the ogre!
Okawaru accepts your kill.
The juggernaut is blasted with magical radiation!!!
You kill the juggernaut!
Okawaru accepts your kill. Okawaru grants you armour!
Something appears before you!
You see here a scarf of invisibility.
You are contaminated with residual magic.
You feel your strength returning.
You feel magically purged.
You feel less contaminated with magical energies.
The juggernaut hits you!!!
* * * LOW HITPOINT WARNING * * *
Your body deteriorates!
You feel clumsy. You block the juggernaut's attack.
Unknown command.
Casting: Irradiate (safe; 1% risk of failure)
Confirm with . or Enter, or press ? or * to list all spells.
Okay, then.
Magic courses through your body.
Casting: Irradiate (safe; 1% risk of failure)
Confirm with . or Enter, or press ? or * to list all spells.
You erupt in a blast of force!
The mystic blast hits the juggernaut but does no damage.
The juggernaut is lightly wounded.
Unknown command.
Casting: Iskenderun's Mystic Blast (safe; 1% risk of failure)
Confirm with . or Enter, or press ? or * to list all spells.
You erupt in a blast of force!
The mystic blast hits the juggernaut but does no damage.
The juggernaut is lightly wounded.
The juggernaut hits you!!!
You die...

▓▓...........▓
▓▓..(...)).....▓
▓▓....C†........[▓
▓▓.)))...........:$
▓▓))))..#.....#...}?
▓▓.)††)....).......=)
▓.))).)...)........)=$
▓▓).)..............):[∩
▓▓))))..#...)@#...)?:▓
▓▓C........)C†...:}▓
▓C.............|▓
▓.............▓
▓▓...........▓▓
▓▓▓▓▓▓▓▓▓▓▓▓


You could see a juggernaut.

Vanquished Creatures
  the Royal Jelly (Slime:5)
  A dread lich (Vaults:4)
  An ancient lich (Crypt:3)
  Khufu (Crypt:2)
  Mara (Vaults:3)
  4 juggernauts
  A pandemonium lord (Zig:2)
  3 royal mummies
  Vv (Crypt:2)
  Sojobo (Depths:2)
  A shard shrike (Zig:10)
  4 golden dragons
  Nikola (Swamp:1)
  7 caustic shrikes
  Jory (Vaults:4)
  A bone dragon (Crypt:1)
  An iron giant (Zig:9)
  2 Hell Sentinels (Zig:9)
  10 tentacled monstrosities
  4 Ice Fiends (Zig:10)
  7 liches
  4 quicksilver dragons
  Mlioglotl (Swamp:3)
  5 deep elf blademasters
  A walking frostbound tome (Depths:3)
  9 titans
  2 deep elf master archers (Zig:12)
  18 acid blobs
  A walking divine tome (Depths:3)
  8 ancient champions
  Frances (Elf:1)
  12 sphinxes
  A tentacled starspawn (Zig:8)
  A fenstrider witch (Swamp:3)
  Kirke (Swamp:1)
  2 thorn hunters
  Roxanne (Elf:3)
  Agnes (D:15)
  3 storm dragons (Vaults:5)
  3 revenants
  5 nagarajas
  3 shadow dragons
  11 tengu reavers
  13 azure jellies
  A quicksilver elemental (Zig:9)
  10 rockslimes
  11 fire giants
  An emperor scorpion (shapeshifter) (Vaults:5)
  5 iron dragons
  A draconian scorcher (Depths:4)
  6 deep elf sorcerers
  8 frost giants
  An imperial myrmidon (Desolation)
  5 ghouls
  20 vault wardens
  A cacodemon (Depths:2)
  5 orc warlords
  A juggernaut zombie (Zig:13)
  2 angels (Vaults:2)
  4 deep elf elementalists (Elf:3)
  11 quicksilver oozes
  6 spriggan defenders (Depths:3)
  16 ironbound preservers
  3 caustic shrike skeletons
  3 draconian stormcallers (Depths:4)
  14 ironbound thunderhulks
  An eleionoma (shapeshifter) (Zig:6)
  3 war gargoyles
  6 deep elf demonologists (Elf:3)
  32 very ugly things
  21 stone giants
  A bennu (Zig:13)
  A lorocyproca (Depths:4)
  Azrael (Orc:2)
  7 eleionomae
  3 halazid warlocks (Desolation)
  8 dire elephants
  7 vampire knights
  A minotaur (Gauntlet)
  2 bunyips
  12 deep elf annihilators
  2 red draconians (Depths:4)
  A yellow draconian (Depths:4)
  14 ettins
  4 wendigos (Zig:10)
  5 deep elf death magi
  Josephine (Swamp:1)
  4 spark wasps
  2 crystal guardians (Desolation)
  A quicksilver dragon zombie (Crypt:3)
  3 merfolk javelineers
  5 mummy priests (Zig:13)
  8 jiangshi
  3 eidola
  17 fire dragons
  8 ragged hierophants (Desolation)
  Fannar (Lair:2)
  2 entropy weavers
  2 merfolk impalers (Depths:2)
  2 spriggan air magi
  12 yaktaur captains
  2 spriggan zombies (Crypt:1)
  2 quicksilver dragon skeletons
  6 deep elf high priests
  8 great orbs of eyes
  4 rakshasas
  13 salamander tyrants
  4 catoblepae
  6 peacekeepers
  2 spriggan skeletons
  34 vault guards
  4 servants of whispers (Desolation)
  14 hydras
  4 ogre magi
  Harold (Lair:1)
  8 ghost crabs
  3 death knights
  12 ice dragons
  10 ironbound frosthearts
  4 alligators
  6 boulder beetles
  11 anacondas
  30 centaur warriors
  8 two-headed ogres
  6 deep troll shamans
  10 death yaks
  7 tengu warriors
  12 naga warriors
  29 dancing weapons
  11 deep troll earth magi
  A death scarab (Zig:13)
  3 satyrs (Zig:12)
  9 naga sharpshooters
  8 orc high priests
  12 shock serpents
  Nergalle (Orc:1)
  3 hell knights (Depths:3)
  11 vampire magi
  25 deep elf knights
  3 spriggan berserkers
  A storm dragon zombie (Depths:3)
  9 iron trolls
  2 soul eaters
  11 spriggans
  2 thrashing horrors (Zig:8)
  6 shadow wraiths
  A crystal echidna (Zig:9)
  4 bunyip zombies (Swamp:3)
  A golden dragon zombie (Depths:3)
  7 salamander mystics
  7 goliath frogs
  A sixfirhy (Depths:4)
  13 skeletal warriors
  7 flayed ghosts
  A steelbarb worm (shapeshifter) (Elf:2)
  7 glowing orange brains
  4 swamp dragons
  56 deep trolls
  A bunyip skeleton (Swamp:3)
  4 starcursed masses (Zig:8)
  16 deep elf archers
  7 naga ritualists
  7 bog bodies
  5 spriggan druids
  A tengu zombie (Depths:3)
  16 ironbound convokers
  12 orc knights
  9 wizards
  An iron dragon zombie (Crypt:1)
  36 deep elf zephyrmancers
  12 phantasmal warriors
  11 manticores
  6 necromancers
  9 harpies
  16 lindwurms
  38 deep elf pyromancers
  32 ugly things
  A wolf spider (shapeshifter) (Vaults:5)
  2 wolf spiders
  6 orc sorcerers
  4 shining eyes
  17 mana vipers
  3 fauns (Zig:12)
  An oklob plant (Lair:3)
  4 cyclopes
  3 moths of wrath (Zig:15)
  3 will-o-the-wisps
  26 elephants
  25 salamanders
  An apocalypse crab (Zig:8)
  A naga zombie (Crypt:1)
  41 black mambas
  A moth of wrath (shapeshifter) (Depths:3)
  A molten gargoyle (Desolation)
  2 rust devils
  9 guardian serpents
  14 naga magi
  2 smoke demons
  26 vault sentinels
  A dire elephant skeleton (Crypt:1)
  Joseph (Lair:1)
  5 eyes of devastation
  An ice statue (IceCv)
  2 torpor snails
  3 gargoyles
  5 orange demons
  A rime drake (Depths:1)
  11 cane toads
  A kobold demonologist (D:10)
  An unseen horror (Depths:2)
  34 yaktaurs
  A minotaur zombie (Crypt:1)
  A rime drake (shapeshifter) (Depths:3)
  2 efreet
  An orb spider zombie (Crypt:1)
  A demonic crawler (Zig:4)
  A catoblepas zombie (Crypt:3)
  9 freezing wraiths
  12 komodo dragons
  4 hellwings
  A queen bee (shapeshifter) (D:13)
  3 tengu conjurers
  A white draconian skeleton (Crypt:3)
  An ice devil (D:13)
  13 polar bears
  4 meliai (D:12)
  A queen bee (D:12)
  9 tyrant leeches
  14 guardian mummies
  11 trolls
  A mana viper skeleton (Crypt:3)
  A tengu simulacrum (Depths:3)
  A tyrant leech (shapeshifter) (Vaults:5)
  A polar bear (shapeshifter) (Vaults:5)
  2 harpy skeletons
  8 hornets
  20 blink frogs
  34 saltlings (Desolation)
  Prince Ribbit (D:6)
  A boulder beetle zombie (Crypt:3)
  5 raiju
  An elf zombie (Vaults:3)
  An ice dragon zombie (Crypt:1)
  110 slime creatures
  13 dream sheep
  2 ettin zombies (Crypt:1)
  A guardian serpent zombie (Crypt:2)
  3 large abominations (Depths:2)
  A dream sheep (shapeshifter) (Zig:6)
  A great orb of eyes zombie (Crypt:2)
  A jumping spider (shapeshifter) (Zig:7)
  A flying skull (Zig:13)
  An ettin skeleton (Crypt:3)
  A fire dragon skeleton (Crypt:2)
  18 water elementals
  An air elemental (Elf:1)
  2 ynoxinuls
  4 hogs (Swamp:1)
  5 wyverns
  7 shadows
  15 yaks
  Grum (D:9)
  3 vampires
  5 wraiths
  4 golden eyes (Slime:3)
  2 ushabtiu (Zig:13)
  10 fire elementals
  2 redbacks (shapeshifter)
  12 vampire mosquitoes
  6 swamp worm simulacra (Swamp:4)
  2 redbacks (Vaults:3)
  8 basilisks
  A neqoxec (Zig:8)
  4 steam dragons
  12 wargs
  5 chaos spawn
  20 swamp worms
  32 nagas
  3 acid dragons
  19 hell hounds
  13 hydra simulacra (Swamp:4)
  12 water moccasins
  A fire bat skeleton (Crypt:3)
  4 floating eyes
  An ice beast (D:6)
  41 orc warriors
  Duvessa (D:4)
  A glowing shapeshifter zombie (Crypt:1)
  3 swamp drakes (Swamp:2)
  2 sky beasts
  12 black bears
  4 boggarts (D:15)
  4 great orb of eyes simulacra (IceCv)
  12 centaurs
  5 slime creature simulacra (IceCv)
  29 wolves
  24 ogres
  A human skeleton (Vaults:3)
  A swamp dragon skeleton (Swamp:3)
  3 kobold brigands (D:10)
  3 phantoms
  A human zombie (Vaults:3)
  2 wyvern zombies (Crypt:2)
  A gnoll sergeant (D:10)
  9 bullfrogs
  3 glowing shapeshifter simulacra (IceCv)
  8 small abominations (Depths:2)
  3 scorpions
  2 earth elementals (Elf:1)
  5 necrophages
  A yaktaur skeleton (Crypt:2)
  A raiju zombie (Crypt:1)
  A wyvern skeleton (Crypt:1)
  16 wights
  Dowan (D:4)
  30 killer bees
  A shapeshifter zombie (Crypt:2)
  7 electric eels
  5 howler monkeys
  17 orc priests
  6 hounds
  5 gnoll boudas (D:10)
  5 iguanas
  A merfolk siren (Sewer)
  31 orc wizards
  4 hell rats (Lair:5)
  6 shapeshifter simulacra (IceCv)
  3 spriggan simulacra
  A merfolk avatar (Sewer)
  A deep dwarf zombie (Crypt:1)
  An ice beast zombie (Crypt:2)
  An ogre skeleton (Crypt:1)
  16 mummies
  6 gnolls (D:10)
  8 adders
  2 river rats
  2 shadow imps
  A swamp drake skeleton (Crypt:1)
  2 swamp drake simulacra (Swamp:4)
  A worm (D:5)
  2 dart slugs (D:4)
  66 orcs
  5 endoplasms
  5 giant cockroaches
  9 goblins
  6 hobgoblins
  7 jackals
  5 quokkas
  9 ball pythons
  5 bats
  7 frilled lizards
  A goblin skeleton (Crypt:1)
  14 kobolds
  A kobold skeleton (Crypt:1)
  A kobold zombie (Crypt:3)
  27 rats
  A river rat zombie (Crypt:3)
  A spectral hobgoblin (D:3)
  9 bushes
  5 fire vortices
2569 creatures vanquished.

Vanquished Creatures (collateral kills)
  An ancient lich (Crypt:3)
  A juggernaut (Zig:15)
  A royal mummy (Zig:13)
  A caustic shrike (Depths:4)
  A shard shrike skeleton (Crypt:3)
  A walking divine tome (Depths:3)
  2 acid blobs (Slime:5)
  2 ancient champions (Crypt:3)
  An azure jelly (Slime:5)
  A nagaraja (Zig:14)
  A ghoul (Crypt:3)
  A draconian stormcaller (Depths:4)
  A yellow draconian (Depths:4)
  2 jiangshi (Crypt:3)
  A yaktaur captain (Zig:12)
  2 vampire magi (Crypt:3)
  A deep troll earth mage (Depths:4)
  A naga sharpshooter (Zig:12)
  3 skeletal warriors
  A glowing orange brain (Depths:4)
  2 slime creatures
  An ushabti (Zig:13)
  A vampire (Crypt:3)
  2 harpy simulacra (Crypt:3)
  An ogre (Zig:11)
  A starcursed mass (Zig:8)
  A human zombie (Crypt:3)
  A gnoll bouda (Zig:15)
  2 mummies (Zig:13)
38 creatures vanquished.

Vanquished Creatures (others)
  A bennu (Zig:13)
  A ghost crab (Swamp:4)
  A deep elf knight (Elf:2)
  A goliath frog (Swamp:1)
  A deep elf zephyrmancer (Elf:1)
  2 saltlings (Desolation)
  4 bushes
  12 demonic plants (D:13)
  298 fire vortices
  8 foxfires
  104 fungi
  193 plants
626 creatures vanquished.

Grand Total: 3233 creatures vanquished

Notes
Turn   | Place    | Note
-------+----------+-------------------------------------------
     0 | D:1      | Meow the Naga Conjurer began the quest for the Orb.
     0 | D:1      | Reached XP level 1. HP: 15/15 MP: 3/3
   172 | D:1      | Found Syttes's Antique Armour Shop.
   227 | D:1      | Found Zuynn's Assorted Antiques.
   284 | D:1      | Found Curis's Jewellery Boutique.
   303 | D:1      | Reached XP level 2. HP: 22/22 MP: 1/5
   351 | D:1      | Learned a level 2 spell: Searing Ray
   365 | D:1      | Found Alaetiag's Book Boutique.
   491 | D:1      | Found Saffonar's Armour Boutique.
   904 | D:1      | Found an iron altar of Okawaru.
  1157 | D:2      | Reached skill level 5 in Stealth
  1646 | D:2      | Reached XP level 3. HP: 22/28 MP: 0/6
  1805 | D:3      | Found a bloodstained altar of Trog.
  1893 | D:1      | Gained mutation: You have hidden genetic potential. [potion
                  | of mutation]
  2093 | D:3      | Reached XP level 4. HP: 22/36 MP: 2/7
  2096 | D:3      | Gained mutation: You expend magic power (3 MP) to
                  | strengthen your wands. [hidden potential]
  2249 | D:3      | Noticed OSAMASBALLS's ghost (amateur TrFi)
  2582 | D:3      | Found a runed translucent gate.
  2582 | D:3      | Found a runed translucent gate.
  2585 | D:3      | Found a runed translucent gate.
  2585 | D:3      | Noticed a phantom
  2604 | D:3      | Found an ornate altar of the Wu Jian Council.
  2715 | D:3      | Found a faded altar of an unknown god.
  2762 | D:3      | Found a runed translucent door.
  2763 | D:3      | Noticed Crazy Yiuf
  2943 | D:4      | Found a broken altar of Ashenzari.
  3737 | D:4      | Reached XP level 5. HP: 39/42 MP: 5/9
  3740 | D:4      | Gained mutation: You have sharp fingernails. [hidden
                  | potential]
  3740 | D:4      | Lost mutation: You have hidden genetic potential. [hidden
                  | potential expressed]
  3836 | D:4      | Noticed Duvessa
  3836 | D:4      | Noticed Dowan
  3870 | D:5      | Entered Level 5 of the Dungeon
  3898 | D:5      | Reached skill level 5 in Conjurations
  3925 | D:4      | Reached XP level 6. HP: 40/49 MP: 2/11
  3983 | D:5      | Noticed a black bear
  3990 | D:5      | Killed a black bear
  4137 | D:5      | Reached XP level 7. HP: 55/55 MP: 5/13
  4181 | D:5      | Learned a level 4 spell: Iskenderun's Mystic Blast
  4193 | D:5      | Found a glowing drain.
  4197 | Sewer    | Entered a sewer
  5271 | D:6      | Reached skill level 5 in Spellcasting
  5424 | D:1      | Became a worshipper of Warmaster Okawaru
  5565 | D:6      | Reached XP level 8. HP: 61/62 MP: 6/16
  5656 | D:6      | Noticed Prince Ribbit
  5675 | D:6      | Killed Prince Ribbit
  6040 | D:6      | Reached * piety under Okawaru
  6383 | D:6      | Reached XP level 9. HP: 47/68 MP: 14/19
  6422 | D:6      | Reached skill level 1 in Fire Magic
  6533 | D:6      | Learned a level 5 spell: Fireball
  6561 | D:6      | Reached skill level 2 in Fire Magic
  6897 | D:5      | Reached skill level 3 in Fire Magic
  7128 | D:5      | Found a shimmering altar of Xom.
  7136 | D:5      | Found a basalt altar of Yredelemnul.
  7138 | D:5      | Found an iron altar of Okawaru.
  7456 | D:4      | Killed Duvessa
  7457 | D:4      | Reached skill level 4 in Fire Magic
  7459 | D:4      | Killed Dowan
  7824 | D:7      | Found a staircase to the Ecumenical Temple.
  7837 | D:7      | Reached skill level 5 in Fire Magic
  7845 | Temple   | Entered the Ecumenical Temple
  8140 | D:7      | Found a stormy altar of Qazlal.
  8290 | D:7      | Reached skill level 6 in Fire Magic
  8331 | D:7      | Reached ** piety under Okawaru
  8437 | D:7      | Noticed Maggie
  8490 | D:7      | Reached skill level 7 in Fire Magic
  8771 | D:7      | Reached XP level 10. HP: 75/75 MP: 15/20
  8789 | D:7      | Reached skill level 8 in Fire Magic
  8844 | D:7      | Reached skill level 1 in Fighting
  9410 | D:8      | Found Fuejeu's Armour Boutique.
  9469 | D:8      | Found a white marble altar of Elyvilon.
  9629 | D:8      | Reached *** piety under Okawaru
  9856 | D:8      | Learned a level 6 spell: Starburst
  9881 | D:8      | Found a sacrificial altar of Ru.
 10411 | D:9      | Reached skill level 9 in Fire Magic
 10692 | D:9      | Noticed Grum
 10701 | D:9      | Killed Grum
 10702 | D:9      | Reached **** piety under Okawaru
 10886 | D:9      | Noticed a two-headed ogre
 10916 | D:9      | Killed a two-headed ogre
 10917 | D:9      | Reached skill level 5 in Fighting
 10917 | D:9      | Reached XP level 11. HP: 94/94 MP: 10/23
 11236 | D:10     | Entered Level 10 of the Dungeon
 11277 | D:10     | Noticed an obsidian statue
 12031 | D:11     | Found a frozen archway.
 12041 | D:11     | Learned a level 5 spell: Irradiate
 12048 | IceCv    | Entered an ice cave
 12120 | IceCv    | Noticed a quicksilver ooze
 12295 | IceCv    | Killed a quicksilver ooze
 12296 | IceCv    | Reached skill level 10 in Fire Magic
 12921 | IceCv    | Reached ***** piety under Okawaru
 13304 | IceCv    | Got the ring of Unuuschecue {rF++ rC+ Dex+6}
 13474 | IceCv    | Noticed an azure jelly
 13480 | IceCv    | Noticed an azure jelly
 13642 | IceCv    | Killed an azure jelly
 13642 | IceCv    | Received a gift from Okawaru
 13782 | IceCv    | Killed an azure jelly
 13783 | IceCv    | Reached skill level 10 in Conjurations
 13863 | IceCv    | Found a viscous altar of Jiyva.
 13878 | IceCv    | Identified the ring "Lajiyma" {Fire rN+ Str-5 Dex+3 Stlth+}
 13880 | IceCv    | Identified the amulet of the Lily {Acrobat rPois rC+++
                  | Str+4 Int-5}
 13883 | IceCv    | Got the +1 spear of the Toadstool {freeze, Int+3}
 13885 | IceCv    | Got the Folio of Congelation
 13898 | IceCv    | Learned a level 5 spell: Freezing Cloud
 14048 | D:11     | Noticed a two-headed ogre
 14058 | D:11     | Killed a two-headed ogre
 14059 | D:11     | Reached XP level 12. HP: 109/109 MP: 2/25
 14467 | D:11     | Reached skill level 10 in Spellcasting
 14925 | D:11     | Found a staircase to the Lair.
 14997 | D:11     | Noticed a two-headed ogre
 15003 | D:11     | Killed a two-headed ogre
 15401 | Lair:1   | Entered Level 1 of the Lair of Beasts
 15775 | Lair:1   | Noticed Harold
 15781 | Lair:1   | Killed Harold
 15781 | Lair:1   | Identified the +1 crystal plate armour "Igoit" {rF+ rC+
                  | Int+4} (Okawaru gifted it to you on level 1 of the Lair of
                  | Beasts)
 15781 | Lair:1   | Received a gift from Okawaru
 15899 | Lair:1   | Noticed Joseph
 15909 | Lair:1   | Killed Joseph
 16730 | Lair:2   | Noticed a four-headed hydra
 16734 | Lair:2   | Killed a four-headed hydra
 16905 | Lair:2   | Reached skill level 10 in Fighting
 16972 | Lair:2   | Noticed a catoblepas
 16991 | Lair:2   | Killed a catoblepas
 17159 | Lair:2   | Noticed a six-headed hydra
 17372 | Lair:2   | Found a staircase to the Swamp.
 17377 | Lair:2   | Gained mutation: You can use your snake-like lower body to
                  | constrict enemies. [Naga growth]
 17377 | Lair:2   | Reached XP level 13. HP: 70/127 MP: 14/27
 17588 | Lair:2   | Reached ****** piety under Okawaru
 18033 | Lair:2   | Noticed Fannar
 18038 | Lair:2   | Killed Fannar
 18327 | Lair:3   | Found a staircase to the Snake Pit.
 18836 | Lair:3   | Received a gift from Okawaru
 20462 | Lair:3   | Received a gift from Okawaru
 20902 | Lair:4   | Identified the +9 trident "Senugh" {venom, Int+7} (Okawaru
                  | gifted it to you on level 4 of the Lair of Beasts)
 20902 | Lair:4   | Received a gift from Okawaru
 21081 | Lair:4   | Found a large runed translucent door.
 21081 | Lair:4   | Found a large runed translucent door.
 21084 | Lair:4   | Noticed Qilin's ghost (journeyman MiFi)
 21156 | Lair:4   | Reached XP level 14. HP: 131/138 MP: 6/30
 22278 | Lair:5   | Entered Level 5 of the Lair of Beasts
 22357 | Lair:5   | Found a gate leading to a gauntlet.
 22380 | Gauntlet | Entered a Gauntlet
 22380 | Gauntlet | Found a transporter.
 22389 | Gauntlet | Found a transporter.
 22404 | Gauntlet | Found a transporter.
 22409 | Gauntlet | Found a transporter.
 22428 | Gauntlet | Found a transporter.
 22443 | Gauntlet | Found a transporter.
 22455 | Gauntlet | Found a transporter.
 22465 | Gauntlet | Found the +5 robe of Night {Dark Will+ SInv}
 22467 | Gauntlet | Found a transporter.
 22479 | Gauntlet | Found a transporter.
 22487 | Gauntlet | Found a large runed translucent door.
 22488 | Gauntlet | Found a large runed translucent door.
 22489 | Gauntlet | Found a large runed translucent door.
 22489 | Gauntlet | Found a large runed translucent door.
 22490 | Gauntlet | Found a runed translucent gate.
 22491 | Gauntlet | Found a transporter.
 22491 | Gauntlet | Found a runed translucent gate.
 22492 | Gauntlet | Found a runed translucent gate.
 22493 | Gauntlet | Found a large runed translucent door.
 22493 | Gauntlet | Found a large runed translucent door.
 22494 | Gauntlet | Found a large runed translucent door.
 22495 | Gauntlet | Found a large runed translucent door.
 22504 | Gauntlet | Found a large runed translucent door.
 22504 | Gauntlet | Found a large runed translucent door.
 22504 | Gauntlet | Found a runed translucent door.
 22504 | Gauntlet | Found a runed translucent door.
 22505 | Gauntlet | Found a large runed translucent door.
 22506 | Gauntlet | Found a large runed translucent door.
 22508 | Gauntlet | Found a transporter.
 22515 | Gauntlet | Found a large runed translucent door.
 22515 | Gauntlet | Found a large runed translucent door.
 22516 | Gauntlet | Found a large runed translucent door.
 22517 | Gauntlet | Found a large runed translucent door.
 22525 | Gauntlet | Found a transporter.
 22527 | Gauntlet | Found a transporter.
 22553 | Gauntlet | Found a transporter.
 22555 | Gauntlet | Found a transporter.
 22575 | Gauntlet | Found a transporter.
 22653 | Gauntlet | Found a transporter.
 22673 | Gauntlet | Found a transporter.
 22831 | Gauntlet | Paralysed by a floating eye for 3 turns
 22841 | Gauntlet | Gained mutation: You occasionally lose the ability to read
                  | scrolls when taking damage. [a shining eye]
 22849 | Gauntlet | Lost mutation: You occasionally lose the ability to read
                  | scrolls when taking damage. [potion of mutation]
 22849 | Gauntlet | Lost mutation: You expend magic power (3 MP) to strengthen
                  | your wands. [potion of mutation]
 22849 | Gauntlet | Gained mutation: You are clumsy. (Dex -2) [potion of
                  | mutation]
 22849 | Gauntlet | Gained mutation: You are somewhat resistant to further
                  | mutation. [potion of mutation]
 23008 | Gauntlet | Received a gift from Okawaru
 24161 | Lair:5   | Identified the +10 quarterstaff "Wutexur" {flame, Str+3
                  | Int-3} (Okawaru gifted it to you on level 5 of the Lair of
                  | Beasts)
 24161 | Lair:5   | Received a gift from Okawaru
 24180 | Lair:5   | Learned a level 4 spell: Sticky Flame
 24185 | Lair:5   | Learned a level 4 spell: Flame Wave
 24594 | Lair:5   | Learned a level 6 spell: Iron Shot
 24670 | Lair:5   | Found a viscous altar of Jiyva.
 24670 | Lair:5   | Found a staircase to the Slime Pits.
 24951 | Lair:5   | Reached XP level 15. HP: 97/144 MP: 14/33
 25345 | Lair:5   | Identified the +7 gold dragon scales of Okawaru's Wrath
                  | {rPois rF+ rC+ rCorr Str+4 Dex-3} (Okawaru gifted it to you
                  | on level 5 of the Lair of Beasts)
 25345 | Lair:5   | Received a gift from Okawaru
 25368 | Lair:5   | Reached skill level 15 in Spellcasting
 26844 | D:12     | Found Ysod's Weapon Shoppe.
 27292 | D:12     | Reached skill level 15 in Conjurations
 27693 | D:10     | Learned a level 3 spell: Mephitic Cloud
 27831 | D:10     | Found a staircase to the Orcish Mines.
 28457 | Orc:1    | Entered Level 1 of the Orcish Mines
 28590 | Orc:2    | Entered Level 2 of the Orcish Mines
 28755 | Orc:2    | Found a staircase to the Elven Halls.
 28782 | Orc:2    | Noticed Azrael
 28787 | Orc:2    | Killed Azrael
 29059 | Orc:2    | Received a gift from Okawaru
 29969 | Orc:2    | Found Uha Qel's Book Emporium.
 29969 | Orc:2    | Found Zirghu's Weapon Shop.
 29971 | Orc:2    | Found Vuwk's Antique Weapon Emporium.
 29971 | Orc:2    | Found Hidgh's Armour Shop.
 30071 | Orc:1    | Noticed Nergalle
 30074 | Orc:1    | Killed Nergalle
 30355 | D:13     | Noticed a frost giant
 31201 | D:13     | Killed a frost giant
 31202 | D:13     | Reached XP level 16. HP: 127/154 MP: 23/36
 31482 | D:13     | Received a gift from Okawaru
 32100 | D:14     | Found a gate to the Vaults.
 32903 | D:14     | Identified the +2 quarterstaff of Uroodwij {freeze, Fragile
                  | rElec rC+ Dex+4} (Okawaru gifted it to you on level 14 of
                  | the Dungeon)
 32903 | D:14     | Received a gift from Okawaru
 33133 | D:15     | Entered Level 15 of the Dungeon
 33301 | D:15     | Found Hayd's Assorted Antiques.
 33391 | D:15     | Noticed Agnes
 33404 | D:15     | Killed Agnes
 33756 | Snake:1  | Entered Level 1 of the Snake Pit
 35513 | Snake:2  | Identified the +2 scale mail of Okawaru's Inspiration
                  | {Rampage rPois Will+ Dex-5} (Okawaru gifted it to you on
                  | level 2 of the Snake Pit)
 35513 | Snake:2  | Received a gift from Okawaru
 37367 | Snake:3  | Noticed a nagaraja
 37376 | Snake:3  | Killed a nagaraja
 37486 | Snake:3  | Reached XP level 17. HP: 100/168 MP: 36/37
 37630 | Snake:3  | Reached skill level 15 in Fighting
 38182 | Snake:3  | Received a gift from Okawaru
 39418 | Snake:4  | Entered Level 4 of the Snake Pit
 39630 | Snake:4  | Reached skill level 1 in Shields
 39888 | Snake:4  | Received a gift from Okawaru
 40187 | Snake:4  | Reached skill level 5 in Shields
 40883 | Snake:4  | Identified the +3 barding of the Leaf {Str+4 Stlth+}
                  | (Okawaru gifted it to you on level 4 of the Snake Pit)
 40883 | Snake:4  | Received a gift from Okawaru
 41783 | Snake:4  | Reached XP level 18. HP: 138/181 MP: 35/38
 41891 | Snake:4  | Got a serpentine rune of Zot
 42335 | Elf:1    | Entered Level 1 of the Elven Halls
 42695 | Elf:1    | Noticed Frances
 42706 | Elf:1    | Killed Frances
 43178 | Elf:1    | Received a gift from Okawaru
 43576 | Elf:1    | Found Rusauxuk's General Store.
 43965 | Elf:1    | Paralysed by an air elemental for 1 turns
 44426 | Elf:2    | Reached skill level 10 in Shields
 45477 | Elf:2    | Found a runed translucent gate.
 45478 | Elf:2    | Found a runed translucent gate.
 45478 | Elf:2    | Found a runed translucent gate.
 46057 | Elf:2    | Identified the +1 ring mail of Okawaru, Cursing {Int-2
                  | Dex+8 SInv} (Okawaru gifted it to you on level 2 of the
                  | Elven Halls)
 46057 | Elf:2    | Received a gift from Okawaru
 46335 | Elf:2    | Reached XP level 19. HP: 188/188 MP: 28/40
 46767 | Elf:3    | Entered Level 3 of the Elven Halls
 46962 | Elf:3    | Found Iholoyre's Armour Boutique.
 46966 | Elf:3    | Found Ileum's Armour Shop.
 47427 | Elf:3    | Found a radiant altar of Vehumet.
 47641 | Elf:3    | Identified Roxanne's Monograph on Earth
 47641 | Elf:3    | Noticed Roxanne
 47647 | Elf:3    | Killed Roxanne
 48132 | Elf:3    | Identified the +10 spear "Demonbane" {vorpal, rCorr}
 48138 | Elf:3    | Identified the +3 scale mail of Fyirriuc {*Slow rN+++
                  | Int+3} (Okawaru gifted it to you on level 3 of the Elven
                  | Halls)
 48138 | Elf:3    | Received a gift from Okawaru
 48518 | Elf:3    | Identified the +5 flail "Birchagh" {vorpal, Dex+2}
 49363 | Elf:3    | Got the Atlas of the Flinty Black Widow
 49401 | Elf:3    | Learned a level 2 spell: Blink
 49718 | Swamp:1  | Entered Level 1 of the Swamp
 49739 | Swamp:1  | Noticed Josephine
 49745 | Swamp:1  | Killed Josephine
 49842 | Swamp:1  | Noticed Nikola
 49852 | Swamp:1  | Killed Nikola
 50020 | Swamp:1  | Noticed Kirke
 50025 | Swamp:1  | Received a gift from Okawaru
 50029 | Swamp:1  | Killed Kirke
 50030 | Swamp:1  | Reached XP level 20. HP: 166/196 MP: 22/42
 50484 | Swamp:2  | Reached skill level 11 in Fire Magic
 51019 | Swamp:3  | Found a glowing silver altar of Zin.
 51413 | Swamp:3  | Received a gift from Okawaru
 51416 | Swamp:3  | Found an ancient bone altar of Kikubaaqudgha.
 51608 | Swamp:3  | Noticed Mlioglotl
 51616 | Swamp:3  | Killed Mlioglotl
 51617 | Swamp:3  | Reached skill level 15 in Shields
 51866 | Swamp:4  | Entered Level 4 of the Swamp
 51977 | Swamp:4  | Reached skill level 12 in Fire Magic
 52881 | Swamp:4  | Got a decaying rune of Zot
 52924 | Swamp:4  | Learned a level 8 spell: Ignition
 53128 | Vaults:1 | Entered Level 1 of the Vaults
 53183 | Vaults:1 | Reached skill level 13 in Fire Magic
 53508 | Vaults:1 | Received a gift from Okawaru
 53920 | Vaults:1 | Reached XP level 21. HP: 205/205 MP: 37/44
 54178 | Vaults:1 | Reached skill level 14 in Fire Magic
 54350 | Vaults:1 | Identified the +0 barding "Monew" {rC+} (Okawaru gifted it
                  | to you on level 1 of the Vaults)
 54350 | Vaults:1 | Received a gift from Okawaru
 54649 | Vaults:1 | Found Xara's Armour Shop.
 54959 | Vaults:1 | Identified the ring "Vacadgho" {Ice rElec Will+ Int-4}
 55271 | Vaults:2 | Found a crumbling gateway.
 55282 | Vaults:2 | Found a glowing silver altar of Zin.
 55282 | Vaults:2 | Found a glowing golden altar of the Shining One.
 55282 | Vaults:2 | Found a white marble altar of Elyvilon.
 55348 | Desolati | Entered the Desolation of Salt
 55538 | Desolati | Reached skill level 15 in Fire Magic
 56373 | Desolati | Identified the +3 ring mail of Melancholy {Int+3}
 56538 | Desolati | Identified the amulet of Pacu {RegenMP Rampage rF- Will++
                  | SInv}
 56546 | Desolati | Identified the ring of Guotumerph {*Corrode Fly rPois MP+9
                  | Slay+2 SInv}
 56560 | Desolati | Identified the +1 hat of the Learner {rF- rN+ rCorr Int+2}
                  | (Okawaru gifted it to you in the Desolation of Salt)
 56560 | Desolati | Received a gift from Okawaru
 56665 | Desolati | Identified the amulet "Ewkaic Ysieg" {Faith rPois Regen+
                  | Str+3}
 56785 | Desolati | Identified the ring "Cok Giuloi" {rElec rF+ Int+2}
 56787 | Desolati | Identified the +5 morningstar "Widowmaker" {flame, Fly rF+
                  | Int+4 SInv}
 56797 | Desolati | Learned a level 5 spell: Lee's Rapid Deconstruction
 57245 | Vaults:2 | Reached skill level 16 in Fire Magic
 58154 | Vaults:2 | Found Wueck's Book Boutique.
 58163 | Vaults:2 | Identified a scroll of acquirement
 58233 | Vaults:2 | Acquired Sif Muna's Vellum of the Salvo
 58446 | Vaults:2 | Received a gift from Okawaru
 58452 | Vaults:2 | Reached XP level 22. HP: 210/213 MP: 33/46
 58728 | Vaults:2 | Upgraded the game from 0.30-a0-553-g7fabdf1 to
                  | 0.30-a0-557-ge2afbf3
 58785 | Vaults:3 | Noticed Mara
 58791 | Vaults:3 | Killed Mara
 59018 | Vaults:3 | Found a staircase to the Crypt.
 59018 | Vaults:3 | Found a basalt altar of Yredelemnul.
 59018 | Vaults:3 | Found an ancient bone altar of Kikubaaqudgha.
 59588 | Vaults:3 | Reached skill level 17 in Fire Magic
 59591 | Vaults:3 | Received a gift from Okawaru
 59788 | Vaults:3 | Received a gift from Okawaru
 59789 | Vaults:3 | Found the +15 Maxwell's patent armour {-Cast -Tele rElec
                  | Will+ rCorr}
 60613 | Vaults:3 | Learned a level 9 spell: Fire Storm
 61143 | Vaults:4 | Noticed Jory
 61464 | Vaults:4 | Killed Jory
 61896 | Vaults:4 | Received a gift from Okawaru
 62376 | Vaults:4 | Reached skill level 18 in Fire Magic
 62505 | Vaults:4 | Received a gift from Okawaru
 62506 | Vaults:4 | Reached XP level 23. HP: 218/219 MP: 34/47
 62726 | Vaults:5 | Entered Level 5 of the Vaults
 62831 | Vaults:5 | Noticed a dread lich
 62896 | Vaults:4 | Killed a dread lich
 63718 | Vaults:5 | Identified the +2 hand axe "Wamuduw" {flame, rC+ Will+
                  | Str+4 Dex+2}
 63718 | Vaults:5 | Identified the +2 plate armour of Immorality {Will+ Str+2
                  | Int+4 Dex-3}
 64557 | Vaults:5 | Received a gift from Okawaru
 65888 | Vaults:5 | Reached skill level 19 in Fire Magic
 66250 | Vaults:5 | Received a gift from Okawaru
 66595 | Vaults:5 | Got the Commentary on Numb Pyromania
 66944 | Vaults:5 | Found Adghuptyq's Magic Scroll Boutique.
 66951 | Vaults:5 | Bought a scroll of acquirement for 936 gold pieces
 66952 | Vaults:5 | Acquired a book of the Spheres
 67061 | Vaults:5 | Reached XP level 24. HP: 203/229 MP: 7/48
 67211 | Vaults:5 | Found Hostuas's Magic Scroll Shop.
 67213 | Vaults:5 | Got a silver rune of Zot
 67218 | Vaults:5 | Bought a scroll of teleportation for 60 gold pieces
 67349 | Vaults:5 | Found Zeschef's Assorted Antiques.
 67356 | Vaults:5 | Identified the +7 trident of Mekedo Disku {flame, Dex+4}
                  | (Okawaru gifted it to you on level 5 of the Vaults)
 67356 | Vaults:5 | Received a gift from Okawaru
 67487 | Vaults:5 | Bought a potion of heal wounds for 160 gold pieces
 67601 | Vaults:5 | Found Opsiepto's Distillery.
 67689 | Vaults:5 | Bought a potion of heal wounds for 105 gold pieces
 67689 | Vaults:5 | Bought a potion of magic for 168 gold pieces
 67694 | Vaults:5 | Found Ryffaer's Jewellery Emporium.
 68390 | D:15     | Reached skill level 20 in Fire Magic
 68834 | D:15     | Found a staircase to the Depths.
 69024 | Depths:1 | Entered Level 1 of the Depths
 69368 | Depths:1 | Found a one-way gateway to a ziggurat.
 69380 | Depths:1 | Received a gift from Okawaru
 69517 | Depths:1 | Found a gateway to Hell.
 69848 | Depths:1 | Found a one-way gate leading to the halls of Pandemonium.
 69941 | Depths:1 | Reached skill level 21 in Fire Magic
 70103 | Depths:2 | Received a gift from Okawaru
 72444 | Depths:2 | Noticed Sojobo
 72450 | Depths:2 | Killed Sojobo
 72451 | Depths:2 | Reached skill level 22 in Fire Magic
 72522 | Depths:2 | Found a one-way gate to the infinite horrors of the Abyss.
 73251 | Depths:3 | Noticed a caustic shrike
 73257 | Depths:3 | Killed a caustic shrike
 73258 | Depths:3 | Reached XP level 25. HP: 130/228 MP: 21/49
 73649 | Depths:3 | Reached skill level 23 in Fire Magic
 73940 | Depths:3 | Found a blossoming altar of Fedhas.
 73946 | Depths:3 | Received a gift from Okawaru
 74231 | Depths:3 | Noticed a juggernaut
 74235 | Depths:3 | Found a portal to a secret trove of treasure.
 74381 | Depths:2 | Learned a level 7 spell: Orb of Destruction
 74542 | Depths:3 | Paralysed by a floating eye for 2 turns
 74678 | Depths:3 | Killed a juggernaut
 75197 | Depths:3 | Reached skill level 24 in Fire Magic
 75459 | Depths:3 | Received a gift from Okawaru
 76110 | Depths:3 | Identified the +0 pair of gloves "Ijigykah" {rC++}
 76290 | Depths:3 | Identified the +3 falchion of the Living Dead {flame, rElec
                  | Int+3 Dex+2}
 76675 | Depths:4 | Entered Level 4 of the Depths
 76728 | Depths:4 | Found Big Baal Hell's Store.
 77165 | Depths:4 | Identified the +2 hand axe of Turmoil {heavy, Int+4}
                  | (Okawaru gifted it to you on level 4 of the Depths)
 77165 | Depths:4 | Received a gift from Okawaru
 77597 | Depths:4 | Reached skill level 25 in Fire Magic
 77616 | Depths:4 | Found a gate to the Realm of Zot.
 78007 | Depths:4 | Reached XP level 26. HP: 243/246 MP: 33/49
 78925 | D:1      | Bought a Necronomicon for 560 gold pieces
 79284 | Crypt:1  | Entered Level 1 of the Crypt
 79742 | Crypt:1  | Received a gift from Okawaru
 80067 | Crypt:1  | Found a basalt altar of Yredelemnul.
 80242 | Crypt:1  | Identified the +11 hand axe of Xuineb {heavy, Fragile rCorr
                  | MP+9 Str+7}
 81078 | Crypt:1  | Found an ancient bone altar of Kikubaaqudgha.
 81312 | Crypt:2  | Noticed Khufu
 81315 | Crypt:2  | Killed Khufu
 81315 | Crypt:2  | Received a gift from Okawaru
 81468 | Crypt:2  | Noticed Vv
 81795 | Crypt:2  | Killed Vv
 82381 | Crypt:3  | Entered Level 3 of the Crypt
 82400 | Crypt:3  | Learned a level 8 spell: Necromutation
 82838 | Crypt:3  | Noticed an ancient lich
 82842 | Crypt:3  | Killed an ancient lich
 83627 | Crypt:3  | Noticed a royal mummy
 83634 | Crypt:3  | Killed a royal mummy
 83972 | Crypt:3  | Received a gift from Okawaru
 84020 | Crypt:3  | Noticed an ancient lich
 84022 | Crypt:3  | Killed an ancient lich
 84410 | Crypt:3  | Found a basalt altar of Yredelemnul.
 84411 | Crypt:3  | Found an ancient bone altar of Kikubaaqudgha.
 84421 | Crypt:3  | Identified the +4 scale mail of Dim Light {MP+9 Str+3
                  | Stlth+}
 84487 | Crypt:3  | Got the Spellbook of the Zebra
 84761 | Crypt:3  | Found a staircase to the Tomb.
 85273 | Slime:1  | Entered Level 1 of the Pits of Slime
 85834 | Slime:2  | Received a gift from Okawaru
 85986 | Slime:2  | You fall into a shaft and drop 1 floor!
 86003 | Slime:3  | Reached XP level 27. HP: 259/259 MP: 9/49
 86253 | Slime:3  | Found a viscous altar of Jiyva.
 87216 | Slime:3  | Gained mutation: You are very clumsy. (Dex -4) [a shining
                  | eye]
 87806 | Slime:5  | Entered Level 5 of the Pits of Slime
 88215 | Slime:5  | Received a gift from Okawaru
 88219 | Slime:5  | Noticed the Royal Jelly
 88221 | Slime:5  | Reached skill level 26 in Fire Magic
 88222 | Slime:5  | Killed the Royal Jelly
 89010 | Slime:5  | Identified the +3 sling of Neod {heavy, rElec rCorr MP+9
                  | Dex-2}
 89023 | Slime:5  | Found the +8 longbow "Zephyr" {speed, Dex+3 SInv}
 89025 | Slime:5  | Found the +8 lance "Wyrmbane" {slay drac, rPois rF+ rC+
                  | AC+3}
 89040 | Slime:5  | Identified the +7 dagger of Fear {flame, rElec rF- rCorr
                  | Dex+2}
 89053 | Slime:5  | Identified the +7 falchion of True Grit {drain, rPois rC+
                  | Str+2 Int+2}
 89080 | Slime:5  | Identified the +9 shortbow "Azxo" {speed, rPois rF+ Str+4}
 89098 | Slime:5  | Got a slimy rune of Zot
 89153 | Slime:5  | Gained mutation: Your body sometimes deteriorates upon
                  | taking damage. [a shining eye]
 90057 | Zig:1    | Entered Level 1 of a ziggurat
 90078 | Zig:2    | Entered Level 2 of a ziggurat
 90084 | Zig:2    | Noticed Niossaekh the pandemonium lord
 90094 | Zig:2    | Killed Niossaekh the pandemonium lord
 90095 | Zig:2    | Reached skill level 1 in Necromancy
 90216 | Zig:3    | Entered Level 3 of a ziggurat
 90249 | Zig:4    | Entered Level 4 of a ziggurat
 90307 | Zig:5    | Entered Level 5 of a ziggurat
 90379 | Zig:6    | Entered Level 6 of a ziggurat
 90390 | Zig:6    | Received a gift from Okawaru
 90391 | Zig:6    | Found the +7 Kryia's mail coat {PotionHeal*2 rC+}
 90392 | Zig:6    | Reached skill level 1 in Transmutations
 90435 | Zig:7    | Entered Level 7 of a ziggurat
 90610 | Zig:8    | Entered Level 8 of a ziggurat
 90616 | Zig:8    | Reached skill level 5 in Necromancy
 90728 | Zig:9    | Entered Level 9 of a ziggurat
 90922 | Zig:9    | Identified the +8 plate armour of Zesashropupt {Slay+6}
 90943 | Zig:10   | Entered Level 10 of a ziggurat
 90954 | Zig:10   | Reached skill level 5 in Transmutations
 90958 | Zig:10   | Found the +10 tower shield of Ignorance {rN+ Int-4}
 90980 | Zig:10   | Identified the +4 flail of a Million Brambles {freeze,
                  | Str+4}
 90981 | Zig:10   | Identified the ring of Ynaneno {rF+ rCorr Dex-3 SInv
                  | Stlth+}
 91024 | Zig:11   | Entered Level 11 of a ziggurat
 91039 | Zig:11   | Noticed a juggernaut
 91047 | Zig:11   | Killed a juggernaut
 91237 | Zig:11   | Identified the +3 war axe of Havoc {drain, Str+3}
 91250 | Zig:11   | Identified the +6 shortbow "Sewuh" {antimagic, Str+3}
 91252 | Zig:11   | Identified the +0 pair of gloves of Henotheism {Will+ Int+4
                  | Slay+2}
 91295 | Zig:12   | Entered Level 12 of a ziggurat
 91306 | Zig:12   | Received a gift from Okawaru
 91319 | Zig:12   | Found the ring of the Hare {EV+8}
 91329 | Zig:12   | Identified the +5 scimitar "Rotzorch" {heavy, Int+4}
 91332 | Zig:12   | Identified the +7 falchion of Domination {drain, rC++}
 91338 | Zig:12   | Identified the ring of Duguywn {EV+4 Dex+6}
 91340 | Zig:12   | Identified the +1 cloak of the Poles {+Inv Int-5 Stlth+}
 91345 | Zig:12   | Identified the +7 great sword "Omykluw" {holy, rElec rF-
                  | Int-2 Dex+9}
 91431 | Zig:13   | Entered Level 13 of a ziggurat
 91436 | Zig:13   | Noticed a royal mummy
 91438 | Zig:13   | Noticed a royal mummy
 91439 | Zig:13   | Killed a royal mummy
 91441 | Zig:13   | Killed a royal mummy
 91448 | Zig:13   | HP: 5/246 [something (20)]
 91449 | Zig:13   | Reached skill level 10 in Necromancy
 91450 | Zig:13   | Noticed a royal mummy
 91453 | Zig:13   | Killed a royal mummy
 91453 | Zig:13   | HP: 11/253 [something (15)]
 91694 | Zig:13   | Identified the +6 scale mail of Distant Worlds {Int+4}
 91729 | Zig:13   | Gained mutation: Your spells are a little easier to cast,
                  | but a little less powerful. [mutagenic glow]
 91771 | Zig:14   | Entered Level 14 of a ziggurat
 91790 | Zig:14   | Received a gift from Okawaru
 91833 | Zig:14   | Reached skill level 10 in Transmutations
 92006 | Zig:14   | Found the +6 lightning scales {swift, rElec}
 92033 | Zig:14   | Identified the +7 quarterstaff of Nocluys {drain, rN+
                  | Dex+4}
 92034 | Zig:14   | Identified the ring of the Teeth {rC+ Int+3 Dex+6}
 92062 | Zig:15   | Entered Level 15 of a ziggurat
 92076 | Zig:15   | Noticed a juggernaut
 92081 | Zig:15   | Killed a juggernaut
 92081 | Zig:15   | Noticed a juggernaut
 92094 | Zig:15   | Noticed a juggernaut
 92101 | Zig:15   | Noticed a juggernaut
 92114 | Zig:15   | Killed a juggernaut
 92137 | Zig:15   | Killed a juggernaut
 92137 | Zig:15   | Received a gift from Okawaru
 92141 | Zig:15   | Mangled by a juggernaut

Illustrated notes

Levels and vault maps discovered:
D:1:      dpeg_arrival_lava_altar, layout_loops_corners, serial_shops, shop,
          nicolae_shop_waterfront, nicolae_shop_temple_entry_statues_fountains,
          shop, shop, dk_noncrumbling_2
D:2:      layout_basic
D:3:      layout_loops_cross, mainiacjoe_overflow_small_starburst,
          nicolae_wu_jian_wuxing_cycle, gammafunk_ghost_split,
          dreamdust_ecumenical_altar_drowned_temple, uniq_crazy_yiuf_cottage
D:4:      layout_basic, nicolae_ashenzari_skybound, minmay_cupped, uniq_duvessa
D:5:      layout_basic, minitemple, gup_sewer_entry_spiral
D:6:      layout_gridville, uniq_prince_ribbit1
D:7:      layout_loops_ring, mainiacjoe_overflow_surrounded_room,
          minmay_temple_entry_gardened_gates, uniq_maggie
D:8:      layout_cave_pools, nicolae_elyvilon_peaceful_grove,
          nicolae_ru_awakened_eye, serial_shops, shop, serial_park,
          serial_park_avenue1, serial_park_square2, serial_park_tiny_2,
          serial_park_tiny_pond, minmay_orc_keep
D:9:      layout_loops_ring, minivault_5, uniq_grum
D:10:     kennysheep_seaside_town, layout_small_grid, orc_0_dummy,
          serial_bayou_pond_b, minmay_statue_bubble
D:11:     layout_irregular_city, minmay_lair_entry_grove,
          portal_ice_cave_entry_ice_simulacra
D:12:     layout_roguey [special_room_bee], serial_shops,
          nicolae_shop_bloodbath_and_beyond
D:13:     layout_irregular_city, serial_demonic, serial_demonic_f,
          serial_demonic_e, serial_demonic_c, serial_demonic_c,
          kennysheep_island_fort
D:14:     layout_basic, david_vaults_2, minivault_19, serial_glass,
          glass_columns_b, glass_columns_b, glass_columns_c, glass_columns_b,
          glass_columns_a, glass_columns_a, glass_columns_c, glass_columns_b,
          glass_columns_a, glass_columns_b
D:15:     grunt_enter_depths_hoard, layout_loops_ring, serial_shops,
          nicolae_diamond_shop, uniq_agnes
Temple:   oiseaux_autumnal_temple
Lair:1:   gammafunk_indiana_jones, layout_long_grid,
          infiniplex_staircase_pool_2, lemuel_fruit_tree, uniq_harold,
          uniq_joseph
Lair:2:   layout_small_grid, minmay_swamp_entry_swarm, uniq_fannar
Lair:3:   layout_loops_ring, dummy_snake_entry, minmay_lair_oklob_bushes
Lair:4:   layout_layer_cave, ebering_ghost_disaster_area,
          chequers_serial_rivers_marsh, serial_bayou_shore_b,
          serial_bayou_shore_a, infiniplex_staircase_pool
Lair:5:   hangedman_lair_caniforms_friends, layout_layer_cave, slime_entry_1,
          gauntlet_entry_generic
Swamp:1:  nicolae_swamp_decorative_isthmus, layout_basic_swamp,
          evilmike_swamp_ruin_house_4, swamp_pool1, uniq_kirke, uniq_nikola,
          uniq_josephine
Swamp:2:  layout_basic_swamp, evilmike_swamp_ruin_house_5, swamp_pool1
Swamp:3:  layout_basic_swamp, nicolae_swamp_feature_on_the_river_bank,
          swamp_pool3, beargit_kiku_chapel, uniq_mlioglotl
Swamp:4:  swamp_icy, layout_basic_swamp
Snake:1:  layout_chambers, grunt_megastairs_3, nicolae_triple_integral
Snake:2:  layout_honeycomb, serial_bayou_shore_b
Snake:3:  layout_layer_cave, nicolae_integral_box
Snake:4:  snake_pit_salamanders_mu, layout_basic, nicolae_snake_lava_pool,
          grunt_megastairs_4
Slime:1:  layout_caves
Slime:2:  layout_caves
Slime:3:  layout_caves, basic_altar, cheibrodos_slime_lost_civilization_7
Slime:4:  layout_caves
Slime:5
Orc:1:    layout_diamond_mine, uniq_nergalle
Orc:2:    grunt_orc_tribal_feast, layout_diamond_mine, basic_altar, uniq_azrael
Elf:1:    eino_elf_arrival_customs, layout_rooms, serial_shops, shop,
          hangedman_elf_represent, st_stairs_4, uniq_frances
Elf:2:    nicolae_elf_blades_crystal_corner, layout_loops_corners,
          item_on_display_a
Elf:3:    minmay_elf_hall_x, layout_geoelf_grid, basic_altar,
          lemuel_statue_altar, minmay_shoptagon, uniq_roxanne
Vaults:1: nicolae_vaults_good_morning_starshine,
          nicolae_vaults_windows_and_doors_thing, v_misc_18, v_alt_pattern_2,
          ontoclasm_vaults_ligature, v_alt_pattern_4, hangedman_vaults_cutoff,
          vaults_dpeg_ring, layout_vaults_chaotic_city, serial_shops, shop
Vaults:2: portal_desolation_entry_holy_temple, grunt_vaults_swirl,
          vaults_dpeg_diagonal, nicolae_vaults_little_squares_4,
          vaults_room_boxed, nicolae_vaults_little_squares_1,
          nicolae_vaults_alarming, nicolae_vaults_murderbox,
          layout_vaults_omnigrid, serial_shops, nicolae_shop_behind_doors
Vaults:3: v_misc_25, nicolae_vaults_what_the_h, grunt_vaults_bifocal,
          minmay_crypt_entry_necro_gods, dpeg_vaults_monster_box,
          v_alt_pattern_1, vaults_room_door_hall, vaults_room_grid, v_pattern_3,
          v_alt_pattern_5, v_misc_27, grunt_vaults_hallway_short,
          ontoclasm_vaults_idyll, layout_vaults_omnibox, uniq_mara
Vaults:4: nicolae_vaults_theta, vaults_room_fours, v_misc_4,
          hangedman_vaults_cutoff, v_misc_25, vaults_mumra_minichess_inversion,
          v_misc_8, nicolae_vaults_shelves_hall, vaults_room_glass_cross,
          nicolae_vaults_three_branches, nicolae_vaults_network_s,
          layout_vaults_omnicross, uniq_jory, uniq_margery
Vaults:5
Crypt:1:  layout_misc_corridors, hangedman_crypt_dual_shrines
Crypt:2:  layout_catacombs, serial_sigils_hangedman_writhe, uniq_vv, uniq_khufu
Crypt:3:  lightli_unholy_cathedral, layout_chaotic_city,
          tomb_entry_sphere_bobbens
Depths:1: layout_cave_pools, enter_ziggurat_e, hell_entry, serial_column_ruins,
          column_ruins_portal_hut, column_ruins_hut_ruined,
          column_ruins_open_small, column_ruins_grid_1, column_ruins_grid_1,
          column_ruins_open_tiny, column_ruins_grid_3, special_room
          [special_room_mythical_zoo], grunt_decor_one_mirror
Depths:2: minmay_inner_zag, layout_cave_pools, minmay_room_of_horrors,
          serial_bayou, serial_bayou_lagoon_a, serial_bayou_ford_a,
          serial_bayou_pond_e, serial_bayou_pond_b, rand_demon_pan_entry_7,
          hell_entry, kennysheep_generic_room_15, uniq_sojobo
Depths:3: minmay_octagon_city, layout_cave_shapes, fedhas_altar_2,
          abyss_entry_glasseish, nicolae_trove_entry_diagonal, hell_entry
Depths:4: evilmike_zot_entry_argh, layout_gridlike, rand_demon_pan_entry_4,
          nicolae_hell_entry_big_baal_hell, serial_curves, eino_curves_04,
          eino_curves_03, eino_curves_02, eino_curves_02
Zig:15:   ziggurat_pillar_abc, ziggurat_pillar_abc, ziggurat_pillar_abc,
          ziggurat_pillar_abc

Skill      XL: |  1  2  3  4  5  6  7  8  9 10 11 12 13 14 15 16 17 18 19 20 21 22 23 24 25 26 27 |
---------------+----------------------------------------------------------------------------------+-----
Stealth        | 4 5 6 |  6.0
Spellcasting   | 3 4 5 7 8 9 10 12 14 16 17 18 19 20 21 22 23 | 23.3
Conjurations   | 5 6 7 8 9 10 12 13 14 16 17 18 19 20 21 22 23 | 23.6
Fire Magic     | 7 9 10 13 16 18 19 22 25 26 | 26.0
Fighting       | 5 7 11 12 14 16 17 18 | 18.0
Shields        | 7 11 14 15 | 15.0
Necromancy     | 12 | 12.2
Transmutations | 11 | 11.5
Dodging        | |  1.5

Action                   |  1- 3 |  4- 6 |  7- 9 | 10-12 | 13-15 | 16-18 | 19-21 | 22-24 | 25-27 || total
-------------------------+-------+-------+-------+-------+-------+-------+-------+-------+-------++-------
Melee: Whip              |       |     1 |    12 |       |       |       |       |       |       ||    13
       Great sword       |       |       |       |    68 |    25 |       |       |       |       ||    93
       Trident           |       |       |       |       |   390 |   257 |   556 |   453 |   319 ||  1975
       Constrict         |       |       |       |       |   102 |    82 |   130 |    92 |    57 ||   463
       Punch             |       |       |       |       |     6 |     2 |       |       |       ||     8
       Lance             |       |       |       |       |       |       |       |       |    83 ||    83
 Cast: Magic Dart        |    26 |    43 |    96 |    52 |    57 |    31 |    18 |    10 |     3 ||   336
       Searing Ray       |     4 |    11 |    68 |    74 |     5 |    69 |    14 |     6 |     3 ||   254
       Iskenderun's Myst |       |       |     4 |    16 |     3 |     2 |     8 |     4 |     6 ||    43
       Fireball          |       |       |       |    72 |     2 |    45 |    28 |     6 |       ||   153
       Starburst         |       |       |       |    34 |   200 |    61 |   108 |     6 |       ||   409
       Irradiate         |       |       |       |     3 |    39 |    21 |    60 |    73 |    64 ||   260
       Flame Wave        |       |       |       |       |     5 |       |       |       |       ||     5
       Iron Shot         |       |       |       |       |    29 |    52 |   112 |   309 |    85 ||   587
       Sticky Flame      |       |       |       |       |    12 |    78 |    76 |    80 |    45 ||   291
       Freezing Cloud    |       |       |       |       |       |   105 |    86 |    49 |    12 ||   252
       Ignition          |       |       |       |       |       |       |       |    13 |     6 ||    19
       Orb of Destructio |       |       |       |       |       |       |       |       |   147 ||   147
       Fire Storm        |       |       |       |       |       |       |       |       |   197 ||   197
 Abil: Spit Poison       |    19 |    22 |    52 |    44 |    14 |    27 |    17 |    12 |     3 ||   210
Evoke: Wand              |       |       |       |    19 |    13 |       |     1 |     5 |     1 ||    39
       Phial of floods   |       |       |       |       |     2 |       |       |       |     2 ||     4
       Condenser vane    |       |       |       |       |       |       |       |     3 |     2 ||     5
  Use: Potion            |     5 |     1 |     3 |     1 |     4 |       |     4 |     1 |    26 ||    45
       Scroll            |     2 |     1 |     3 |     8 |     9 |     4 |     9 |    13 |    17 ||    66
 Stab: Sleeping          |       |       |       |       |     5 |     2 |     4 |     2 |     2 ||    15
Armor: Robe              |     2 |    11 |    24 |       |   517 |   276 |   467 |   461 |   371 ||  2129
       Steam dragon scal |       |       |    17 |   100 |     3 |       |       |       |       ||   120
       Skin              |       |       |       |       |    14 |       |       |       |       ||    14
Dodge: Dodged            |     4 |    13 |    38 |   123 |   423 |   169 |   137 |   142 |   114 ||  1163
Block: Kite shield       |       |       |       |       |       |   105 |    37 |       |       ||   142
       Tower shield      |       |       |       |       |       |       |   681 |   810 |   953 ||  2444

Table legend: (Time is in decaauts)
 A = Elapsed time spent in this place.
 B = Non-inter-level travel time spent in this place.
 C = Inter-level travel time spent in this place.
 D = Time resting spent in this place.
 E = Time spent auto-exploring this place.
 F = Levels seen in this place.
 G = Mean time per level.
                   A        B        C        D        E       F      G
               +--------+--------+--------+--------+--------+-----+--------+
         Total | 111049 | 101549 |   9500 |  38699 |  45869 |  70 | 1586.4 |
       Dungeon |  26025 |  21710 |   4315 |   5843 |  12750 |  15 | 1735.0 |
        Temple |    365 |    319 |     46 |      0 |    302 |   1 |  365.0 |
          Lair |  12555 |  11259 |   1296 |   5046 |   4589 |   5 | 2511.0 |
         Swamp |   4178 |   3958 |    220 |    762 |   2185 |   4 | 1044.5 |
     Snake Pit |  10242 |   9682 |    560 |   3507 |   5018 |   4 | 2560.5 |
    Slime Pits |   5353 |   5091 |    262 |   2181 |   2351 |   5 | 1070.6 |
  Orcish Mines |   2371 |   2049 |    322 |    839 |    840 |   2 | 1185.5 |
   Elven Halls |   8808 |   8157 |    651 |   3545 |   3040 |   3 | 2936.0 |
        Vaults |  16390 |  15339 |   1051 |   6361 |   6477 |   5 | 3278.0 |
         Crypt |   6414 |   6182 |    232 |   2718 |   2594 |   3 | 2138.0 |
        Depths |  10208 |   9667 |    541 |   4363 |   3772 |   4 | 2552.0 |
      Ziggurat |   2346 |   2346 |      0 |   1154 |    404 |  15 |  156.4 |
         Sewer |    786 |    786 |      0 |    231 |    320 |   1 |  786.0 |
      Ice Cave |   2129 |   2129 |      0 |   1288 |    372 |   1 | 2129.0 |
    Desolation |   1896 |   1896 |      0 |    813 |    347 |   1 | 1896.0 |
      Gauntlet |    976 |    976 |      0 |     44 |    501 |   1 |  976.0 |
               +--------+--------+--------+--------+--------+-----+--------+

Top non-repeatable levels by time:
Vaults:4: 4486 daAuts
  Lair:5: 3775 daAuts
Vaults:5: 3730 daAuts
Depths:3: 3648 daAuts
   Elf:3: 3214 daAuts
Depths:2: 3199 daAuts
 Snake:4: 3158 daAuts
   Elf:2: 3029 daAuts
Vaults:1: 2966 daAuts
Vaults:3: 2777 daAuts
  Lair:3: 2725 daAuts
 Snake:3: 2703 daAuts
    D:11: 2700 daAuts
 Crypt:3: 2651 daAuts
   Elf:1: 2564 daAuts
